 Dungeon Crawl Stone Soup version 0.30.0-2-g1aa4bd4387 (webtiles) character file.

Game seed: 5800984908224228382

38 Descartes the Sneak (level 3, -4/21 HPs)
             Began as an Octopode Hedge Wizard on May 7, 2023.
             Slain by Sigmund
             ... wielding a +2 scythe of protection
              (11 damage)
             ... on level 2 of the Dungeon.
             The game lasted 00:03:40 (2217 turns).

Descartes the Sneak (Octopode Hedge Wizard)         Turns: 2217, Time: 00:03:41

Health: -4/21      AC:  1    Str:  9    XL:     3   Next: 43%
Magic:  7/7        EV: 13    Int: 24    God:
Gold:   120        SH:  0    Dex: 11    Spells: 7/8 levels left

rFire   . . .        f - +2 short sword (speed)
rCold   . . .        (no shield)
rNeg    . . .        b - +0 hat
rPois   .            (no amulet)
rElec   .            o - +6 ring of intelligence
rCorr   .            (no ring)
SInv    .            (no ring)
Will    .....        (no ring)
Stlth   +++          (no ring)
HPRegen 0.23/turn    (no ring)
MPRegen 0.10/turn    (no ring)
                     (no ring)

%: no passive effects
@: no status effects
A: almost no armour, amphibious, 8 rings, camouflage 1, gelatinous body 1,
(nimble swimmer 1), tentacles
a: no special abilities


You were on level 2 of the Dungeon.
You visited 1 branch of the dungeon, and saw 2 of its levels.

You collected 120 gold pieces.

Inventory:

Hand Weapons
 a - a +0 dagger
 f - a +2 short sword of speed (weapon)
 i - a +2 whip of venom
Missiles
 m - 2 javelins
Armour
 b - a +0 hat (worn)
Magical Staves
 n - a staff of death
Jewellery
 o - a +6 ring of intelligence (left tentacle)
Scrolls
 g - 2 scrolls of identify {unknown}
 j - a scroll of teleportation {unknown}
 k - a scroll of torment {unknown}
 l - a scroll of poison {unknown}
Potions
 c - a potion of magic
 d - a potion of curing {unknown}
 e - 2 potions of heal wounds {unknown}
 h - a potion of attraction {unknown}


   Skills:
 + Level 2.3 Dodging
 + Level 3.3 Stealth
 + Level 3.2 Spellcasting
 * Level 2.0 Conjurations
 - Level 1.0 Summonings
 + Level 1.4 Translocations


You had 7 spell levels left.
You knew the following spells:

 Your Spells              Type           Power      Damage    Failure   Level
a - Magic Dart            Conj           52%        1d5       4%          1

Your spell library contained the following spells:

 Spells                   Type           Power      Damage    Failure   Level
 Blink                    Tloc           20%        N/A       9%          2
 Slow                     Hex            12%        N/A       11%         1
 Call Imp                 Summ           16%        N/A       11%         2
 Cigotuvi's Dreadful Rot  Necr/Pois/Air  6%         N/A       16%         2
 Mephitic Cloud           Conj/Pois/Air  7%         N/A       24%         3


Dungeon Overview and Level Annotations

Branches:
Dungeon (2/15)

Altars:

Annotations:
D:2 Sigmund


Innate Abilities, Weirdness & Mutations

You cannot wear most types of armour.
You are amphibious.
You can wear up to eight rings at the same time.
Your skin changes colour to match your surroundings (Stealth+).
Your rubbery body absorbs attacks. (AC +1, EV +1)
((You are camouflaged when in or above water. (Stealth+)))
You have tentacles for arms and can constrict up to eight enemies at once.


Message History

Sigmund gestures at you while chanting.
You are confused.
You're too confused to cast spells.
Unknown command.
You're too confused to cast spells.
Unknown command.
Sigmund mumbles some strange words.
Sigmund flickers and vanishes!
You're too confused to cast spells.
Unknown command.
There is an open door here.
You bump into the rock wall.
You bump into the rock wall.
You bump into the rock wall.
You feel less confused.
You see here a +6 ring of intelligence.
o - a +6 ring of intelligence Something hits you!
A puff of flame appears from out of thin air!
The puff of flame misses you.
You are confused.
You bump into the rock wall.
You're too confused to move!
You bump into the rock wall.
You feel clever.
o - a +6 ring of intelligence (left tentacle)
Something barely misses you.
You're too confused to cast spells.
Unknown command.
You feel less confused.
You barely miss something. Something barely misses you.
You completely miss something. You squeeze something.
You closely miss something.
You hear some strange, mumbled words.
A magic dart appears from out of thin air!
The magic dart hits you!
You hit something but do no damage. Your squeeze misses something.
You hit something. Something hits you!
Ouch! That really hurt!
You die...

#.# ##...## #. #.# ##'##
.. #.# #.# #. #.# #.# ##
#.# ##.## ####.####
##...## #.......# #.....#
#.##.##.########...##
#.##....{@.....##.########
#.#####.######............
#.# #.# ####.########
#.#####.# #.# #.......#
#.# ######### ####.####
########....)..#
#........##.##.#
#.######.##.##.#####


There were no monsters in sight!

Vanquished Creatures
  3 bats
  2 endoplasms (D:1)
  A giant cockroach (D:1)
  6 hobgoblins (D:1)
  7 kobolds
  3 quokkas (D:1)
  3 ball pythons (D:1)
  3 frilled lizards
  5 goblins
  A rat (D:1)
34 creatures vanquished.

Notes
Turn   | Place    | Note
-------+----------+-------------------------------------------
     0 | D:1      | Descartes the Octopode Hedge Wizard began the quest for the
                  | Orb.
     0 | D:1      | Reached XP level 1. HP: 11/11 MP: 4/4
   299 | D:1      | Reached XP level 2. HP: 17/17 MP: 3/6
  1060 | D:1      | Reached XP level 3. HP: 21/21 MP: 4/7
  1488 | D:2      | Found a faded altar of an unknown god.
  1843 | D:2      | Noticed Sigmund
  1861 | D:2      | HP: 1/21 [something/puff of flame (8)]
  2217 | D:2      | Slain by Sigmund

Illustrated notes

Levels and vault maps discovered:
D:1:      psy_arrival_fountain, layout_basic, minmay_pentomino_t4
D:2:      layout_loops_corners, ebering_ecumenical_altar_hall, serial_shops,
          shop, uniq_sigmund

Skill      XL: |  1  2  3 |
---------------+----------+-----
Stealth        | 3 |  3.3
Conjurations   | 2 |  2.0
Dodging        | |  2.3
Spellcasting   | |  3.2
Summonings     | |  1.0
Translocations | |  1.4

Action                     || total
---------------------------++-------
  Melee: Constrict         ||     2
         Tentacles         ||     2
         Dagger            ||     1
         Short sword       ||    16
         Punch             ||     1
   Cast: Magic Dart        ||    73
 Armour: Skin              ||     1
  Dodge: Dodged            ||    15
